 Dungeon Crawl Stone Soup version 0.31-a0-750-gfe7b580527 (webtiles) character file.

Game seed: 13899267479155228721

40 Joey1 the Trooper (level 3, -5/33 HPs)
             Began as a Minotaur Fighter on Sept 15, 2023.
             Slain by a gnoll
             ... wielding a +0 halberd
              (11 damage)
             ... on level 3 of the Dungeon.
             The game lasted 00:05:25 (1312 turns).

Joey1 the Trooper (Minotaur Fighter)                Turns: 1312, Time: 00:05:26

Health: -5/33      AC:  6    Str: 22    XL:     3   Next: 30%
Magic:  2/2        EV:  5    Int:  5    God:
Gold:   57         SH:  0    Dex:  9    Spells: 2/2 levels left

rFire   + . .        a - +0 war axe
rCold   + . .        c - +0 buckler
rNeg    . . .        b - +0 scale mail
rPois   .            (helmet restricted)
rElec   .            p - scarf {rC+ rF+}
rCorr   .            (no gloves)
SInv    .            (no boots)
Will    .....        (no amulet) Stlth
                     (no ring)
HPRegen 0.25/turn    (no ring)
MPRegen 0.08/turn

%: no passive effects
@: held
A: horns 2, retaliatory headbutt
a: no special abilities


You were on level 3 of the Dungeon.
You visited 1 branch of the dungeon, and saw 3 of its levels.

You collected 57 gold pieces.

Inventory:

Hand Weapons
 a - a +0 war axe (weapon)
 q - a +2 mace of protection
 r - a +1 spear of venom
Armour
 b - a +0 scale mail (worn)
 c - a +0 buckler (worn)
 e - a +0 kite shield
 p - a scarf of resistance (worn)
Scrolls
 h - a scroll of enchant armour {unknown}
 i - a scroll of enchant weapon {unknown}
 k - 2 scrolls of amnesia {unknown}
 l - 2 scrolls of identify {unknown}
 m - a scroll of brand weapon {unknown}
 n - a scroll of teleportation {unknown}
Potions
 d - 3 potions of might
 f - a potion of curing
 g - a potion of brilliance {unknown}
 j - a potion of heal wounds {unknown}
 o - a potion of mutation {unknown}


   Skills:
 + Level 4.2 Fighting
 + Level 3.1 Axes
 - Level 3.6 Armour
 + Level 1.4 Dodging
 + Level 4.1 Shields


You had 2 spell levels left.
You didn't know any spells.
Your spell library contained the following spells:

 Spells                   Type           Power      Damage    Failure   Level
 Necrotise                Necr           0%         1d4       86%         1
 Static Discharge         Conj/Air       0%         2-2/arc   94%         2
 Vampiric Draining        Necr           0%         2d6       99%         3
 Airstrike                Air            0%         2d(0-16)  100%        4
 Summon Lightning Spire   Summ/Air       0%         N/A       100%        4
 Agony                    Necr           0%         N/A       100%        5


Dungeon Overview and Level Annotations

Branches:
Dungeon (3/15)

Altars:

Shops:
D:1 *   D:2 [


Innate Abilities, Weirdness & Mutations

You have a pair of horns on your head.
You reflexively headbutt those who attack you in melee.


Message History

The rat closely misses you.
You slash the rat!
You kill the rat!
No target in view!
No target in view!
No target in view!
You see here a rat corpse.
Found a stone staircase leading up.
Done exploring.
Done exploring.
You see here a +0 trident.
There is a stone staircase leading down here.
You climb downwards.
Found 3 gold pieces.
There is a stone staircase leading up here.
A gnoll and a rat come into view.
The gnoll shouts!
You hear a shout!
A gnoll comes into view. It is wielding a +0 spear.
A gnoll comes into view. It is wielding a +0 flail.
A gnoll comes into view. It is wielding a +0 whip.
The gnoll throws a throwing net.
You block the throwing net. The gnoll hits you with a +0 halberd!
You see here a throwing net.
You hit the gnoll.
The gnoll is lightly wounded.
The gnoll hits you with a +0 halberd.
The gnoll throws a throwing net.
The throwing net hits you.
You become entangled in the net!
You are held in a net!
You are held in a net!
You tear a large gash into the net.
The gnoll hits you with a +0 halberd!
The gnoll hits you from afar with a +0 spear.
You struggle against the net.
The gnoll hits you with a +0 halberd!
* * * LOW HITPOINT WARNING * * *
The gnoll hits you but does no damage.
Okay, then.
It was a potion of curing.
You feel better.
The gnoll hits you from afar with a +0 spear.
* * * LOW HITPOINT WARNING * * *
The gnoll hits you with a +0 halberd!
You die...

#......# #......##
+<.......
###........ #
#..........
###.##.#.#####..
......$...........
.###.#....####....
# #..r.@g......
#....#gg.....
#....#.......
...............
.....####...##.
...... ...# ......
.... ###. ....#


You could see 3 gnolls and a rat.

Vanquished Creatures
  An adder (D:2)
  3 endoplasms (D:1)
  3 giant cockroaches
  A goblin (D:2)
  3 hobgoblins (D:1)
  2 quokkas
  3 ball pythons (D:1)
  2 bats
  4 frilled lizards
  3 kobolds
  7 rats
32 creatures vanquished.

Notes
Turn   | Place    | Note
-------+----------+-------------------------------------------
     0 | D:1      | Joey1 the Minotaur Fighter began the quest for the Orb.
     0 | D:1      | Reached XP level 1. HP: 19/19 MP: 0/0
   215 | D:1      | Reached XP level 2. HP: 27/27 MP: 1/1
   310 | D:1      | Found Ydag's General Store.
   405 | D:1      | Reached skill level 1 in Dodging
   654 | D:2      | Reached XP level 3. HP: 33/33 MP: 2/2
   959 | D:2      | Found Serhe's Armour Shop.
  1311 | D:3      | HP: 1/33 [gnoll/+0 halberd (11)]
  1312 | D:3      | Slain by a gnoll

Illustrated notes

Levels and vault maps discovered:
D:1:      matt_arrival_diagonals, layout_loops_ring, serial_shops,
          nicolae_diamond_shop
D:2:      layout_basic, serial_shops, nicolae_shop_waterfront
D:3:      layout_basic, minmay_misc_feat_chi

Skill      XL: |  1  2 |
---------------+-------+-----
Dodging        | 1 |  1.4
Fighting       | 4 |  4.2
Axes           | 3 |  3.1
Shields        | 4 |  4.1
Armour         | |  3.6

Action                     || total
---------------------------++-------
  Melee: War axe           ||    50
         Headbutt          ||    10
    Use: Potion            ||     1
 Armour: Scale mail        ||    39
  Dodge: Dodged            ||    19
  Block: Buckler           ||     5

Table legend: (Time is in decaauts)
 A = Elapsed time spent in this place.
 B = Non-inter-level travel time spent in this place.
 C = Inter-level travel time spent in this place.
 D = Time resting spent in this place.
 E = Time spent auto-exploring this place.
 F = Levels seen in this place.
 G = Mean time per level.
                   A        B        C        D        E       F      G
               +--------+--------+--------+--------+--------+-----+--------+
         Total |   1332 |   1282 |     50 |      0 |   1028 |   3 |  444.0 |
       Dungeon |   1332 |   1282 |     50 |      0 |   1028 |   3 |  444.0 |
               +--------+--------+--------+--------+--------+-----+--------+

Top non-repeatable levels by time:
     D:2: 679 daAuts
     D:1: 642 daAuts
     D:3: 11 daAuts
